 Dungeon Crawl Stone Soup version 0.26-a0-30-g56b8cd3df0 (webtiles) character file.

Game seed: 16611329167827982558, levelgen mode: deterministic

13311 Lugonue the Grappler (level 12, -7/66 HPs)
             Began as a Gargoyle Venom Mage on June 2, 2020.
             Was a High Priest of Zin.
             Mangled by a six-headed hydra (9 damage)
             ... on level 10 of the Dungeon.
             The game lasted 00:30:38 (12776 turns).

Lugonue the Grappler (Gargoyle Venom Mage)         Turns: 12776, Time: 00:30:38

Health: -7/66      AC: 14    Str: 22    XL:     12   Next: 4%
Magic:  33/33      EV: 12    Int: 22    God:    Zin [*****.]
Gold:   549        SH:  0    Dex:  7    Spells: 18/28 levels left

rFire    . . .     SeeInvis .     - Unarmed
rCold    + . .     Gourm    .   (no shield)
rNeg     + . .     Faith    .   e - +2 robe "Yfoacixt" {rElec rC+ Regen+ Dex-3}
rPois    ∞         Spirit   .   g - +2 hat {Int+3}
rElec    +         Reflect  .   D - scarf {repulsion}
rCorr    .         Harm     .   (no gloves)
MR       .....                  (no boots)
Stlth    ++........             B - amulet of regeneration
HPRegen  1.01/turn              f - +6 ring of strength
MPRegen  0.23/turn              o - ring of magical power

@: repel missiles
A: talons 1, clever 1, negative energy resistance 1, electricity resistance,
unbreathing, petrification resistance, rot immunity, sturdy frame 1, AC +8
a: Recite, Vitalisation, Imprison, Sanctuary, Donate Gold, Renounce Religion


You were on level 10 of the Dungeon.
You worshipped Zin.
Zin was extremely pleased with you.
You were not hungry.

You visited 2 branches of the dungeon, and saw 12 of its levels.

You collected 610 gold pieces.
You donated 61 gold pieces to Zin.

Inventory:

Missiles
 j - 7 javelins (quivered)
Armour
 a - a +0 robe
 e - the +2 robe "Yfoacixt" (worn) {rElec rC+ Regen+ Dex-3}
   (You took it off an orc on level 8 of the Dungeon)

   It affects your dexterity (-3).
   It protects you from cold.
   It insulates you from electricity.
   It increases your rate of regeneration.
 g - a +2 hat of intelligence (worn)
 n - a +1 cloak
 D - a scarf of repulsion (worn)
Jewellery
 f - a +6 ring of strength (left hand)
 o - a ring of magical power (right hand)
 p - a +6 ring of dexterity
 w - an uncursed ring of positive energy {unknown}
 B - an amulet of regeneration (around neck)
 I - an uncursed ring of magical power
Wands
 v - a wand of iceblast (17)
 E - a wand of flame (14)
 G - a wand of paralysis (1)
 H - a wand of digging (4)
Scrolls
 d - a scroll of identify
 i - 2 scrolls of fog
 k - 4 scrolls of enchant armour
 r - 2 scrolls of magic mapping
 y - 4 scrolls of remove curse
 z - a scroll of random uselessness {unknown}
 C - a scroll of fear {unknown}
 F - a scroll of amnesia {unknown}
 J - a scroll of immolation {unknown}
Potions
 b - a potion of mutation
 l - 2 potions of curing
 m - 3 potions of lignification {unknown}
 q - 5 potions of stabbing
 t - a potion of brilliance {unknown}
 u - a potion of cancellation {unknown}
 x - 3 potions of flight
 A - a potion of might {unknown}
Comestibles
 c - 11 rations


   Skills:
 * Level 4.0 Fighting
 - Level 1.5 Dodging
 - Level 2.1 Stealth
 * Level 10.9 Unarmed Combat
 + Level 8.9 Spellcasting
 - Level 0.7 Transmutations
 - Level 10.0 Poison Magic
 * Level 7.7 Invocations


You had 18 spell levels left.
You knew the following spells:

 Your Spells              Type           Power        Failure   Level  Hunger
a - Sting                 Tmut/Pois      ####         1%          1    None
b - Poisonous Vapours     Pois/Air       ####..       1%          2    None
c - Olgreb's Toxic Radia  Pois           ######..     1%          4    ##.....
d - Ignite Poison         Fire/Tmut/Pois ####....     4%          3    None

Your spell library contained the following spells:

 Spells                   Type           Power        Failure   Level  Hunger
 Mephitic Cloud           Conj/Pois/Air  ###.....     5%          3    None
 Magic Dart               Conj           #...         7%          1    None
 Blink                    Tloc           N/A          11%         2    None
 Call Imp                 Summ           #.......     11%         2    None
 Slow                     Hex            #.......     11%         2    None
 Conjure Flame            Conj/Fire      #.......     21%         3    None


Dungeon Overview and Level Annotations

Branches:
Dungeon (11/15)            Temple (1/1) D:4            Lair (0/6) D:8
    Orc (0/2) D:11

Altars:
Ashenzari
Cheibriados
Dithmenos
Elyvilon
Fedhas
Gozag
Hepliaklqana
Kikubaaqudgha
Makhleb
Nemelex Xobeh
Okawaru
Qazlal
Ru
Sif Muna
Trog
Uskayaw
Vehumet
Wu Jian
Xom
Yredelemnul
Zin
The Shining One

Shops:
D:7 [


Innate Abilities, Weirdness & Mutations

You are resistant to torment.
Your stone body is resilient. (AC +8)
You are immune to poison.
You resist negative energy. (rN+)
You are resistant to electric shocks. (rElec)
You can survive without breathing.
You are immune to petrification.
You are immune to rotting.
You have sharp toenails.
Your mind is acute. (Int +2)
Your movements are slightly less encumbered by armour. (ER -2)


Message History

Evoke which item? (* to show all) (? for menu, Esc to quit)
Aiming: Paralyse
Press: ? - help, Shift-Dir - straight line, f/p - six-headed hydra
Aim: a six-headed hydra (chance to defeat MR: 15%)
The six-headed hydra resists with almost no effort.
The six-headed hydra bites you but does no damage. x3
The six-headed hydra bites you!
* * * LOW HITPOINT WARNING * * *
The six-headed hydra bites you! Zin protects you from harm!
The six-headed hydra bites you.
* * * LOW HITPOINT WARNING * * *
Okay, then.
Evoke which item? (* to show all) (? for menu, Esc to quit)
Aiming: Paralyse
Press: ? - help, Shift-Dir - straight line, f/p - six-headed hydra
Aim: a six-headed hydra (chance to defeat MR: 15%)
The six-headed hydra resists with almost no effort.
The six-headed hydra bites you!
You die...

#####........############
....+........'.........>#
###.#........#########.##
.....÷....#### ##.##
###.#......# ##.##
....'......# ##.##
###.#......# ##.##
#.#......# ##D##
#.#......# #@##
###.#...)..# ###
..#.#......# ...+#......#
..........## ..........#
..........# ##........#
#........#


You could see a six-headed hydra.

Vanquished Creatures
  Gastronok (D:8)
  Erica (D:8)
  A two-headed ogre (D:9)
  An unseen horror (D:10)
  A cyclops (D:9)
  Joseph (D:7)
  A gargoyle (D:10)
  A komodo dragon (D:11)
  2 trolls (D:9)
  4 hippogriffs
  A human (D:8)
  2 wyverns
  5 yaks (D:9)
  4 hogs (D:8)
  2 hungry ghosts
  2 wargs (D:8)
  2 water moccasins
  An acid dragon (D:9)
  2 orc warriors (D:8)
  4 ice beasts
  5 sky beasts
  A black bear (D:9)
  5 necrophages
  3 phantoms
  8 ogres
  2 centaurs (D:9)
  3 bullfrogs
  3 scorpions
  9 wights
  A jelly (D:10)
  8 crimson imps
  2 bullfrog zombies
  3 hounds
  A quasit (D:10)
  3 centaur zombies
  5 orc priests
  9 orc wizards
  2 bullfrog skeletons
  A centaur skeleton (D:4)
  2 iguanas
  9 worker ants
  A killer bee zombie (D:7)
  2 hound skeletons
  A mummy (D:7)
  3 worker ant zombies
  11 adders
  2 shadow imps
  An ooze (D:2)
  4 worms
  A dart slug (D:2)
  7 leopard geckos
  33 orcs
  A ball python (D:2)
  7 bats
  9 giant cockroaches
  12 goblins
  8 hobgoblins
  10 jackals
  7 kobolds
  8 quokkas
  A ball python skeleton (D:4)
  3 frilled lizards
  2 leopard gecko skeletons
  A quokka skeleton (D:4)
  10 rats
269 creatures vanquished.

Notes
Turn   | Place    | Note
-------+----------+-------------------------------------------
     0 | D:1      | Lugonue the Gargoyle Venom Mage began the quest for the
                  | Orb.
     0 | D:1      | Reached XP level 1. HP: 10/10 MP: 3/3
   131 | D:1      | Reached XP level 2. HP: 5/15 MP: 0/5
  1004 | D:1      | Learned a level 2 spell: Poisonous Vapours
  1129 | D:1      | Reached XP level 3. HP: 16/19 MP: 0/6
  1147 | D:1      | Gained mutation: Your movements are slightly less
                  | encumbered by armour. (ER -2) [potion of mutation]
  1147 | D:1      | Gained mutation: Your mind is acute. (Int +2) [potion of
                  | mutation]
  1147 | D:1      | Gained mutation: You have sharp toenails. [potion of
                  | mutation]
  1559 | D:2      | Found a sparkling altar of Nemelex Xobeh.
  1612 | D:2      | Found an ornate altar of the Wu Jian Council.
  1828 | D:2      | Reached skill level 1 in Unarmed Combat
  2044 | D:2      | Reached XP level 4. HP: 24/24 MP: 2/7
  2776 | D:3      | Learned a level 4 spell: Olgreb's Toxic Radiance
  2841 | D:3      | Found a glowing golden altar of the Shining One.
  3325 | D:3      | Reached XP level 5. HP: 23/28 MP: 9/9
  3383 | D:3      | Found a shadowy altar of Dithmenos.
  4138 | D:4      | Reached skill level 5 in Poison Magic
  4138 | D:4      | Reached XP level 6. HP: 18/32 MP: 10/10
  4644 | D:4      | Found an ancient bone altar of Kikubaaqudgha.
  4690 | D:4      | Found a shattered altar of Ashenzari.
  4865 | D:4      | Found a staircase to the Ecumenical Temple.
  4871 | Temple   | Entered the Ecumenical Temple
  4966 | Temple   | Became a worshipper of Zin the Law-Giver
  4966 | Temple   | Reached * piety under Zin
  5063 | D:4      | Reached XP level 7. HP: 34/36 MP: 12/12
  5438 | D:5      | Entered Level 5 of the Dungeon
  6132 | D:5      | Reached skill level 1 in Invocations
  6389 | D:5      | Found a snail-covered altar of Cheibriados.
  6560 | D:6      | Found a shadowy altar of Dithmenos.
  6578 | D:6      | Reached ** piety under Zin
  6911 | D:6      | Reached XP level 8. HP: 36/41 MP: 14/14
  7055 | D:6      | Reached skill level 5 in Unarmed Combat
  7202 | D:6      | Found a sacrificial altar of Ru.
  7523 | D:6      | Learned a level 3 spell: Ignite Poison
  8336 | D:7      | Noticed Joseph
  8346 | D:7      | Killed Joseph
  8346 | D:7      | Reached XP level 9. HP: 30/45 MP: 7/16
  8640 | D:7      | Reached *** piety under Zin
  8709 | D:7      | Reached skill level 5 in Spellcasting
  9008 | D:7      | Found Cheibriados's Comfort Zone.
  9011 | D:7      | Found a snail-covered altar of Cheibriados.
  9473 | D:8      | Found a bloodstained altar of Trog.
  9487 | D:8      | Reached XP level 10. HP: 49/50 MP: 18/18
  9505 | D:8      | Reached **** piety under Zin
  9532 | D:8      | Reached skill level 5 in Invocations
  9760 | D:8      | Identified the +2 robe "Yfoacixt" {rElec rC+ Regen+ Dex-3}
  9786 | D:8      | Found a staircase to the Lair.
  9787 | D:8      | Noticed Gastronok
  9887 | D:8      | Killed Gastronok
 10042 | D:8      | Noticed Erica
 10053 | D:8      | Killed Erica
 10053 | D:8      | Reached skill level 10 in Poison Magic
 10053 | D:8      | Reached XP level 11. HP: 54/54 MP: 18/21
 10159 | D:8      | Found a burning altar of Makhleb.
 10183 | D:8      | Noticed a +0 hand axe
 10184 | D:8      | Noticed a +0 hand axe
 10187 | D:8      | Found a hide-covered altar of Uskayaw.
 10360 | D:9      | Found a sparkling altar of Nemelex Xobeh.
 10500 | D:9      | Noticed a cyclops
 10516 | D:9      | Killed a cyclops
 10516 | D:9      | Reached skill level 1 in Fighting
 10620 | D:9      | Found a radiant altar of Vehumet.
 10756 | D:9      | Reached skill level 10 in Unarmed Combat
 10865 | D:9      | Found a burning altar of Makhleb.
 10948 | D:9      | Noticed a two-headed ogre
 10953 | D:9      | Killed a two-headed ogre
 11639 | D:10     | Entered Level 10 of the Dungeon
 11886 | D:10     | Found a shimmering altar of Xom.
 11891 | D:10     | Reached ***** piety under Zin
 11950 | D:10     | Killed an unseen horror
 12416 | D:11     | Found an opulent altar of Gozag.
 12623 | D:11     | Reached XP level 12. HP: 63/66 MP: 24/24
 12715 | D:11     | Noticed a six-headed hydra
 12753 | D:11     | Found a staircase to the Orcish Mines.
 12775 | D:10     | Zin protects you from harm!
 12775 | D:10     | HP: 1/66 [six-headed hydra (4)]
 12776 | D:10     | Mangled by a six-headed hydra

Illustrated notes

Levels and vault maps discovered:
D:1:      wander_arrival_estate, layout_basic
D:2:      layout_loops_ring, nemelex_xobeh_ov_fountains_minmay,
          lemuel_crystal_altar, first_ration, hex_tiny
D:3:      layout_basic, lemuel_doored_altar, nicolae_dithmenos_shadow_blocks
D:4:      layout_basic, kiku_gazebo_pond_becter, kennysheep_mini_moat,
          minmay_temple_entry_fiery
D:5:      layout_basic, overflow_temple_1_default
D:6:      layout_basic, nicolae_ru_sacrificial_ziggurat, basic_altar,
          minmay_misc_feat_rows, minmay_misc_feat_room,
          kennysheep_generic_room_6
D:7:      layout_gridville, serial_undead, serial_undead_c, serial_undead_c,
          serial_undead_d, serial_undead_f, minmay_shop_chei, uniq_joseph
D:8:      layout_cave_pools, makhleb_grotto_becter, lemuel_crystal_altar,
          dancing_weapons_uskayaw, erik_lair_orcish_takeover, grunt_livestock,
          hex_large, kennysheep_windowed_goal, uniq_gastronok, uniq_erica
D:9:      layout_small_grid, vehumet_altar_wand_db, serial_rivers,
          chequers_serial_rivers_small_a, chequers_serial_rivers_room_a,
          chequers_serial_rivers_room_a, chequers_serial_rivers_micro_d,
          chequers_serial_rivers_micro_e, basic_altar,
          nemelex_spade_bored_becter
D:10:     layout_basic, basic_altar
D:11:     layout_long_grid, minmay_orc_entry_temple_small, grunt_gozag_statues
Temple:   zaba_magenta_temple

Skill      XL: |  1  2  3  4  5  6  7  8  9 10 11 12 |
---------------+-------------------------------------+-----
Poison Magic   | 4 5 6 7 8 10 | 10.0
Unarmed Combat | 1 2 3 4 7 8 9 10 | 10.9
Spellcasting   | 3 4 5 7 8 |  8.9
Invocations    | 1 3 4 6 7 |  7.7
Fighting       | 3 4 |  4.0
Dodging        | |  1.5
Stealth        | |  2.1
Transmutations | |  0.7

Action                   |  1- 3 |  4- 6 |  7- 9 | 10-12 || total
-------------------------+-------+-------+-------+-------++-------
Melee: Unarmed           |    78 |   177 |   266 |   147 ||   668
       Kick              |    11 |    35 |    70 |    29 ||   145
       Punch             |       |     5 |     6 |     2 ||    13
Throw: Javelin           |       |     3 |    14 |     3 ||    20
 Cast: Sting             |    44 |    21 |    28 |    51 ||   144
       Poisonous Vapours |     9 |    21 |    33 |    60 ||   123
       Olgreb's Toxic Ra |       |     5 |     4 |    14 ||    23
       Ignite Poison     |       |       |     4 |    34 ||    38
Invok: Recite            |       |       |    11 |    11 ||    22
Evoke: Wand              |       |       |       |    11 ||    11
  Use: Potion            |     2 |       |     1 |     5 ||     8
       Scroll            |       |     9 |       |     5 ||    14
 Stab: Sleeping          |     2 |     2 |     2 |     1 ||     7
       Paralysed         |       |       |       |     7 ||     7
       Confused          |       |       |       |     1 ||     1
  Eat: Chunk             |     5 |    12 |     5 |       ||    22
       Ration            |       |       |     7 |     3 ||    10
Armor: Robe              |    34 |    59 |   100 |   136 ||   329
Dodge: Dodged            |    73 |   114 |   163 |   131 ||   481
       Repelled          |       |       |       |     2 ||     2

Table legend:
 A = Non-vault XP
 B = Vault XP
 C = Vault XP percentage of total XP
 D = Non-vault monster count
 E = Vault monster count
 F = Vault count percentage of total count
                 A         B        C        D         E       F
            +---------+---------+-------+---------+---------+-------
      Total |   12994 |    6023 |  31.7 |     240 |      29 |  10.8
            +---------+---------+-------+---------+---------+-------
        D:1 |      50 |       0 |   0.0 |      31 |       0 |   0.0
        D:2 |      66 |       0 |   0.0 |      20 |       0 |   0.0
        D:3 |     158 |       0 |   0.0 |      35 |       0 |   0.0
        D:4 |     397 |       0 |   0.0 |      27 |       0 |   0.0
        D:5 |     398 |       0 |   0.0 |      12 |       0 |   0.0
        D:6 |     863 |     252 |  22.6 |      16 |       3 |  15.8
        D:7 |    1088 |     977 |  47.3 |      14 |       9 |  39.1
        D:8 |     720 |    4793 |  86.9 |      18 |      16 |  47.1
        D:9 |    4987 |       1 |   0.0 |      32 |       1 |   3.0
       D:10 |    2199 |       0 |   0.0 |      12 |       0 |   0.0
       D:11 |    2068 |       0 |   0.0 |      23 |       0 |   0.0
            +---------+---------+-------+---------+---------+-------
